 Dungeon Crawl Stone Soup version 0.31-a0-66-ge618eeaa78 (webtiles) character file.

Game seed: 3022236741767254581

2693 browni3141 the Magician (level 9, 0/64 (66) HPs)
             Began as a Mummy Fighter on May 22, 2023.
             Was a Believer of Kikubaaqudgha.
             Slain by a wight
             ... wielding a +0 spear
              (8 damage)
             ... on level 8 of the Dungeon.
             The game lasted 00:13:46 (8897 turns).

browni3141 the Magician (Mummy Fighter)             Turns: 8897, Time: 00:13:46

HP:   0/64 (66)     AC:  7    Str: 20    XL:     9   Next: 38%
MP:   18/18         EV: 11    Int: 23    God:    Kikubaaqudgha [**....]
Gold: 310           SH:  4    Dex: 11    Spells: 13/20 levels left

rFire   x . .        a - +2 short sword (elec)
rCold   + . .        c - +0 buckler
rNeg    + + +        d - +0 scale mail
rPois   ∞            (no helmet)
rElec   .            (no cloak)
rCorr   .            (no gloves)
SInv    .            w - +0 pair of boots
Will    +....        (no amulet) Stlth
                     m - +6 ring of intelligence
HPRegen 0.30/turn    q - +6 ring of intelligence
MPRegen 0.16/turn

%: faith
@: about to teleport, lightly drained
A: cold resistance 1, negative energy resistance 3, torment resistance 2, heat
vulnerability 1, in touch with death 1, no potions, faith
a: Renounce Religion, Unearth Wretches


You were on level 8 of the Dungeon.
You worshipped Kikubaaqudgha.
Kikubaaqudgha was pleased with you.
You visited 2 branches of the dungeon, and saw 9 of its levels.

You collected 310 gold pieces.

Inventory:

Hand Weapons
 a - a +2 short sword of electrocution (weapon)
 b - a +0 dagger of draining
 h - a +0 sling
 p - a +0 rapier
 z - a +3 short sword
Missiles
 g - 40 poisoned darts
 y - a throwing net
Armour
 c - a +0 buckler (worn)
 d - a +0 scale mail (worn)
 w - a +0 pair of boots (worn)
Jewellery
 i - a ring of flight
 m - a +6 ring of intelligence (left hand)
 q - a +6 ring of intelligence (right hand)
 s - a ring of resist corrosion
 v - a ring of protection from cold
 B - a ring of protection from fire
Wands
 t - a wand of mindburst (9)
 A - a wand of flame (15)
Scrolls
 e - a scroll of fog
 f - 8 scrolls of identify {unknown}
 j - a scroll of immolation
 k - a scroll of vulnerability {unknown}
 l - a scroll of acquirement {unknown}
 n - a scroll of magic mapping {unknown}
 o - a scroll of noise
 r - a scroll of teleportation
 u - 2 scrolls of amnesia
 x - a scroll of silence {unknown}


   Skills:
 * Level 4.7 Fighting
 - Level 6.0 Short Blades
 - Level 3.0 Armour
 * Level 4.8 Dodging
 - Level 3.0 Shields
 * Level 6.4 Spellcasting
 + Level 5.1 Necromancy


You had 13 spell levels left.
You knew the following spells:

 Your Spells              Type           Power      Damage    Failure   Level
a - Kiss of Death         Conj/Necr      92%        2d12      14%         1
b - Cigotuvi's Dreadful   Necr/Pois/Air  30%        N/A       32%         2
c - Animate Dead          Necr           46%        N/A       34%         4

Your spell library contained the following spells:

 Spells                   Type           Power      Damage    Failure   Level
 Necrotise                Necr           100%       1d9       3%          1
 Magic Dart               Conj           28%        1d4       28%         1
 Call Imp                 Summ           14%        N/A       41%         2
 Static Discharge         Conj/Air       6%         2-3/arc   52%         2
 Summon Guardian Golem    Hex/Summ       3%         N/A       77%         3
 Ignite Poison            Fire/Tmut/Pois 2%         N/A       80%         3
 Mephitic Cloud           Conj/Pois/Air  2%         N/A       80%         3
 Airstrike                Air            3%         2d(1-17)  96%         4
 Sticky Flame             Conj/Fire      3%         2d3       99%         4
 Summon Lightning Spire   Summ/Air       3%         N/A       99%         4
 Orb of Destruction       Conj           3%         9d5       100%        7
 Spellforged Servitor     Conj/Summ      1%         N/A       100%        7
 Ignition                 Fire           3%         3d4       100%        8


Dungeon Overview and Level Annotations

Branches:
Dungeon (8/15)             Temple (1/1) D:5
   Lair: D:8-11

Altars:
Ashenzari
Dithmenos
Gozag
Kikubaaqudgha
Makhleb
Nemelex Xobeh
Okawaru
Qazlal
Sif Muna
Trog
Uskayaw
Wu Jian

Shops:
D:6 [

Annotations:
D:7 4 runed translucent doors, exclusion: 3 doors, Crazy Yiuf; ytrimaz's ghost, novice OgGl


Innate Abilities, Weirdness & Mutations

You are immune to poison.
Your flesh is cold resistant. (rC+)
You are immune to negative energy. (rN+++)
You are immune to unholy pain and torment.
You are vulnerable to heat. (rF-)
You are in touch with the powers of death.
You do not drink.
You have a special connection with the divine. (Faith)


Message History

Press: ? - help, Shift-Dir - straight line, f - wyvern
Aim: a wyvern (chance to affect: 64%)
The wyvern's mind is blasted!
The wyvern closely misses you.
Aiming: Mindburst
Press: ? - help, Shift-Dir - straight line, f/p - wyvern
Aim: a wyvern (moderately wounded, chance to affect: 64%)
The wyvern's mind is blasted!!
You blow up the wyvern!
Kikubaaqudgha accepts your kill.
A wight comes into view. It is wielding a +2 vampiric battleaxe.
The wight attacks as you move away! The wight closely misses you.
As you read the scroll labelled QUUPRE ALARGHIW, it crumbles to dust.
It is a scroll of amnesia.
Really abort (and waste the scroll)?
Okay, then.
Unknown command.
As you read the scroll labelled RAICER UNGARR, it crumbles to dust.
The scroll dissolves into smoke.
It was a scroll of fog.
The wight closely misses you.
Unknown command.
The wight attacks as you move away! The wight misses you.
The wight attacks as you move away! The wight barely misses you.
The wight attacks as you move away! The wight closely misses you.
As you read the scroll labelled KYNOSI LECIYM, it crumbles to dust.
The creatures around you are filled with an inner flame!
It was a scroll of immolation.
The wight completely misses you. The basilisk gazes at you.
You easily resist.
Unknown command.
As you read the scroll labelled ZALUUH QISUG, it crumbles to dust.
You hear a loud clanging noise!
It was a scroll of noise.
You hear a shout!
You hear a croak.
You hear a shout!
You hear a roar!
The wight barely misses you. The wight closely misses you.
Unknown command.
As you read the scroll labelled TAPTAPN XUITTU, it crumbles to dust.
You feel strangely unstable.
It was a scroll of teleportation.
The wight hits you from afar with a +0 spear!
You die...
Kikubaaqudgha rasps: "You have failed me!
Welcome... oblivion!"

......##......)....#
<...........z..z...## #
....................#..#
#.....................#
......#.##....#.###...#
..###....<...####
....... ..# #.......§###
##..... ...
#.......§§z### .#...
............§§Yz@# # ..
...#..<.#...§§§z§l....#
P
..##..........§§§##.###
.. ....###.....#.# #
.... ..#.!.##..
..##...##.#. ..
...##..#.. ### #.. #


You could see a yak (inner flame), a basilisk (inner flame) and 3 wights.

Vanquished Creatures
  Prince Ribbit (D:7)
  A wyvern (D:8)
  A basilisk (D:8)
  2 ice beasts (D:5)
  A black bear (D:4)
  A sky beast (D:7)
  An orc warrior (D:6)
  3 phantoms
  A kobold brigand (D:7)
  2 bullfrogs
  3 scorpions
  10 wights
  A howler monkey (D:5)
  2 hounds
  2 orc priests
  A jelly (D:5)
  2 iguanas
  2 sleepcaps
  5 orc wizards
  4 gnolls
  4 adders
  2 shadow imps
  3 white imps
  2 ufetubi
  6 worms
  3 dart slugs
  17 orcs
  5 ball pythons
  7 endoplasms
  4 giant cockroaches
  10 goblins
  8 hobgoblins
  3 quokkas
  A bat (D:3)
  3 frilled lizards
  12 kobolds
  2 rats
138 creatures vanquished.

Notes
Turn   | Place    | Note
-------+----------+-------------------------------------------
     0 | D:1      | browni3141 the Mummy Fighter began the quest for the Orb.
     0 | D:1      | Reached XP level 1. HP: 18/18 MP: 1/1
   127 | D:1      | Reached XP level 2. HP: 24/24 MP: 2/2
   531 | D:1      | Gained mutation: You are in touch with the powers of death.
                  | [Mummy growth]
   531 | D:1      | Reached XP level 3. HP: 29/29 MP: 3/3
   895 | D:2      | Found a faded altar of an unknown god.
  1470 | D:3      | Reached XP level 4. HP: 35/35 MP: 4/4
  2227 | D:4      | Noticed a phantom
  2346 | D:4      | Noticed a phantom
  2529 | D:4      | Found an ornate altar of the Wu Jian Council.
  2848 | D:4      | Reached XP level 5. HP: 37/41 MP: 5/5
  2916 | D:4      | Noticed a black bear
  3021 | D:4      | Killed a phantom
  3022 | D:4      | Reached skill level 5 in Short Blades
  3144 | D:4      | Reached XP level 6. HP: 47/47 MP: 6/6
  3403 | D:4      | Reached skill level 1 in Dodging
  4051 | D:5      | Entered Level 5 of the Dungeon
  4102 | D:5      | Reached XP level 7. HP: 41/52 MP: 7/7
  4146 | D:5      | Found a staircase to the Ecumenical Temple.
  4197 | Temple   | Entered the Ecumenical Temple
  4283 | Temple   | Became a worshipper of Kikubaaqudgha
  4869 | D:5      | Found a shimmering blue altar of Sif Muna.
  5554 | D:6      | Reached XP level 8. HP: 39/58 MP: 8/8
  5832 | D:6      | Found Zoutz's Antique Armour Shop.
  6577 | D:6      | Reached * piety under Kikubaaqudgha
  6577 | D:6      | Received a gift from Kikubaaqudgha
  6869 | D:5      | Learned a level 1 spell: Kiss of Death
  7197 | D:7      | Reached skill level 1 in Spellcasting
  7389 | D:7      | Found a runed translucent gate.
  7389 | D:7      | Found a runed translucent gate.
  7390 | D:7      | Found a runed translucent gate.
  7392 | D:7      | Noticed ytrimaz's ghost (novice OgGl)
  7406 | D:7      | Identified the +1 chain mail of Peek-a-Boo {rCorr}
  7435 | D:7      | Found a runed translucent door.
  7436 | D:7      | Noticed Crazy Yiuf
  7500 | D:6      | Reached skill level 5 in Necromancy
  7857 | D:7      | Reached skill level 5 in Spellcasting
  8121 | D:7      | Found a broken altar of Ashenzari.
  8133 | D:7      | Noticed Prince Ribbit
  8145 | D:7      | Killed Prince Ribbit
  8146 | D:7      | Reached XP level 9. HP: 42/65 MP: 18/18
  8298 | D:7      | Reached ** piety under Kikubaaqudgha
  8810 | D:7      | Learned a level 2 spell: Cigotuvi's Dreadful Rot
  8815 | D:7      | Learned a level 4 spell: Animate Dead
  8883 | D:8      | HP: 3/60 [yak (11)]
  8897 | D:8      | Slain by a wight

Illustrated notes

Levels and vault maps discovered:
D:1:      saegor_arrival_simple_c, layout_basic, amethyst_killhole
D:2:      layout_basic, basic_ecumenical_altar
D:3:      layout_basic, nicolae_kite_square_tiling_tiny
D:4:      layout_layer_cave, mainiacjoe_overflow_24_doors,
          minmay_misc_feat_square
D:5:      layout_basic, gammafunk_temple_overflow_wave,
          minmay_temple_entry_overgrown, serial_corexii_hall,
          corexii_hall_statues_i, corexii_hall_statues_i
D:6:      layout_loops_corners, serial_shops,
          nicolae_shop_competitors_out_of_business
D:7:      layout_loops_ring, cheibrodos_ashenzari_chains,
          biasface_ghost_orc_armoury, nicolae_underground_beach,
          uniq_crazy_yiuf_cottage, uniq_prince_ribbit1
D:8:      layout_cave_pools, nicolae_overflow_hidden_temple,
          mainiacjoe_overflow_alcove_1, minitemple, david_lair_generic,
          abandoned_shop, uniq_maurice
Temple:   hellmonk_temple_of_storms

Skill      XL: |  1  2  3  4  5  6  7  8  9 |
---------------+----------------------------+-----
Short Blades   | 2 3 4 5 6 |  6.0
Dodging        | 1 3 4 |  4.8
Shields        | 3 |  3.0
Armour         | 3 |  3.0
Necromancy     | 3 5 |  5.1
Spellcasting   | 6 |  6.4
Fighting       | 4 |  4.7

Action                     |  1- 3 |  4- 6 |  7- 9 || total
---------------------------+-------+-------+-------++-------
  Melee: Rapier            |    61 |     8 |       ||    69
         Dagger            |    71 |   106 |   302 ||   479
         Short sword       |       |    87 |   262 ||   349
   Fire: Sling             |    22 |       |       ||    22
   Cast: Kiss of Death     |       |       |     3 ||     3
  Evoke: Wand              |       |       |     4 ||     4
    Use: Scroll            |       |       |     5 ||     5
 Armour: Scale mail        |    39 |    49 |   146 ||   234
  Dodge: Dodged            |    43 |    64 |   195 ||   302
  Block: Buckler           |    18 |    28 |    75 ||   121

Table legend: (Time is in decaauts)
 A = Elapsed time spent in this place.
 B = Non-inter-level travel time spent in this place.
 C = Inter-level travel time spent in this place.
 D = Time resting spent in this place.
 E = Time spent auto-exploring this place.
 F = Levels seen in this place.
 G = Mean time per level.
                   A        B        C        D        E       F      G
               +--------+--------+--------+--------+--------+-----+--------+
         Total |   8711 |   8314 |    397 |    864 |   5619 |   9 |  967.9 |
       Dungeon |   8493 |   8106 |    387 |    754 |   5547 |   8 | 1061.6 |
        Temple |    217 |    207 |     10 |    110 |     72 |   1 |  217.0 |
               +--------+--------+--------+--------+--------+-----+--------+

Top non-repeatable levels by time:
     D:5: 1595 daAuts
     D:4: 1565 daAuts
     D:6: 1476 daAuts
     D:7: 1334 daAuts
     D:3: 1182 daAuts
     D:1: 741 daAuts
     D:2: 528 daAuts
  Temple: 217 daAuts
     D:8: 70 daAuts
